 Dungeon Crawl Stone Soup version 0.28-a0-10-g964c8b8 (webtiles) character file.

Game seed: 14190881220842831192

22 Geeful the Skirmisher (level 2, -6/33 HPs)
             Began as an Ogre Monk on July 25, 2021.
             Mangled by a gnoll (7 damage)
             ... on level 1 of the Dungeon.
             The game lasted 00:01:48 (849 turns).

Geeful the Skirmisher (Ogre Monk)                    Turns: 849, Time: 00:01:49

Health: -6/33      AC:  3    Str: 14    XL:     2   Next: 91%
Magic:  2/2        EV: 10    Int: 11    God:
Gold:   56         SH:  0    Dex: 11    Spells: 1/1 levels left

rFire   . . .      SeeInvis .   a - +0 mace
rCold   . . .      Faith    .   (no shield)
rNeg    . . .      Spirit   .   b - +0 robe
rPois   .          Reflect  .   (helmet restricted)
rElec   .          Harm     .   (no cloak)
rCorr   .          Rampage  .   (gloves unavailable)
Will    .....                   (boots unavailable)
Stlth   ++........              (no amulet)
HPRegen 0.11/turn               (no ring)
MPRegen 0.08/turn               (no ring)

@: brilliant, attractive
A: large, unfitting armour, tough skin 1
a: no special abilities


You were on level 1 of the Dungeon.
You visited 1 branch of the dungeon, and saw 1 of its levels.

You collected 56 gold pieces.

Inventory:

Hand Weapons
 a - a +0 mace (weapon)
Armour
 b - a +0 robe (worn)
Jewellery
 d - a ring of protection from cold


   Skills:
 + Level 4.5 Fighting
 + Level 3.0 Maces & Flails
 + Level 3.0 Dodging
 - Level 1.4 Stealth


You had one spell level left.
You didn't know any spells.
Your spell library was empty.

Dungeon Overview and Level Annotations

Branches:
Dungeon (1/15)

Altars:


Innate Abilities, Weirdness & Mutations

You are too large for most types of armour.
You have tough skin. (AC +1)


Message History

You kill the endoplasm!
The dart slug closely misses you.
You hit the dart slug.
The dart slug is severely wounded.
The dart slug launches a dart at you. The slug dart misses you.
You sock the dart slug!
You kill the dart slug!
No target in view!
No target in view!
f - a scroll labelled GUATAS WEILL A hobgoblin comes into view.
The hobgoblin hits you but does no damage.
You hit the hobgoblin but do no damage. The hobgoblin hits you.
You hit the hobgoblin.
You kill the hobgoblin!
No target in view!
You see here a hobgoblin corpse.
You now have 56 gold pieces (gained 18).
A gnoll comes into view. It is wielding a +0 whip.
The gnoll shouts!
The gnoll hits you with a +0 whip.
You hit the gnoll but do no damage. The gnoll hits you with a +0 whip!
You hit the gnoll but do no damage. The gnoll hits you with a +0 whip.
You hit the gnoll but do no damage. The gnoll hits you with a +0 whip.
You hit the gnoll but do no damage. The gnoll hits you with a +0 whip!
* * * LOW HITPOINT WARNING * * *
The gnoll barely misses you.
It was a potion of brilliance.
You feel clever all of a sudden. The gnoll hits you with a +0 whip.
* * * LOW HITPOINT WARNING * * *
It was a potion of attraction.
You feel attractive to monsters. The gnoll completely misses you.
As you read the scroll labelled GUATAS WEILL, it crumbles to dust.
It is a scroll of identify.
You don't have any unidentified items.
The gnoll hits you with a +0 whip!
You die...

#..........#..................#..
#.####......###........##.....#..
#.# #.........########.......#..
######........#...............#..
..............###############...#
#############.# ###.# # ###.####
#.# # #......# #.# #.#.##@# #.#
#.#.##g# #.# # #.##.# #.# #.##.#
.# ..##.. ######


You could see a gnoll.

Vanquished Creatures
  A dart slug (D:1)
  A ball python (D:1)
  5 endoplasms (D:1)
  3 hobgoblins (D:1)
  A quokka (D:1)
  3 bats (D:1)
  3 rats (D:1)
17 creatures vanquished.

Notes
Turn   | Place    | Note
-------+----------+-------------------------------------------
     0 | D:1      | Geeful the Ogre Monk began the quest for the Orb.
     0 | D:1      | Reached XP level 1. HP: 24/24 MP: 1/1
   199 | D:1      | Reached XP level 2. HP: 28/32 MP: 2/2
   847 | D:1      | HP: 1/33 [gnoll (5)]
   849 | D:1      | Mangled by a gnoll

Illustrated notes

Levels and vault maps discovered:
D:1:      dpeg_arrival_solitude, layout_basic

Skill      XL: |  1  2 |
---------------+-------+-----
Dodging        | 3 |  3.0
Maces & Flails | 3 |  3.0
Fighting       | |  4.5
Stealth        | |  1.4

Action                   || total
-------------------------++-------
Melee: Mace              ||    60
  Use: Potion            ||     2
       Scroll            ||     1
 Stab: Sleeping          ||     2
Armor: Robe              ||    21
Dodge: Dodged            ||    23

Table legend: (Time is in decaauts)
 A = Elapsed time spent in this place.
 B = Non-inter-level travel time spent in this place.
 C = Inter-level travel time spent in this place.
 D = Time resting spent in this place.
 E = Time spent auto-exploring this place.
 F = Levels seen in this place.
 G = Mean time per level.
                   A        B        C        D        E       F      G
               +--------+--------+--------+--------+--------+-----+--------+
         Total |    864 |    864 |      0 |     85 |    585 |   1 |  864.0 |
       Dungeon |    864 |    864 |      0 |     85 |    585 |   1 |  864.0 |
               +--------+--------+--------+--------+--------+-----+--------+

Top non-repeatable levels by time:
     D:1: 864 daAuts
